Map: Thunderbird LE

Players

pHARM - Winner!

  • Race: Zerg Zerg
  • League: Platinum
  • Spawn Location: 11:00

Neomax

  • Race: Protoss Protoss
  • Spawn Location: 5:00

VOD

Have the link to the VOD?

Description

Time

  • Played on: Sept. 1, 2019, 5:25 p.m.
  • Length: 11:05
Show
View Real Time Build Order
Export as new Build Order

pHARM Zerg - Winner!

Build Orders: Hatch First, Roach Hydra 

Get SALT Encoding   

  12  0:00  Drone  
  13  0:13  Overlord  
  13  0:20  Drone  
  14  0:31  Drone  
  14  0:32  Drone  
  16  0:50  Hatchery  
  16  0:54  Drone  
  16  0:56  Drone  
  17  1:00  Drone  
  18  1:15  Spawning Pool  
  17  1:18  Drone  
  17  1:20  Drone  
  19  1:30  Drone  
  20  1:42  Drone  
  20  1:44  Extractor  
  20  1:54  Overlord  
  20  2:02  Queen x2  
  20  2:05  Drone x2  
  26  2:13  Drone x2  
  28  2:25  Drone x2  
  30  2:39  Queen x2  
  34  2:44  Drone  
  34  2:45  Drone  
  36  2:55  Spine Crawler  
  35  3:00  Drone  
  35  3:02  Overlord x2  
  36  3:16  Lair  
  36  3:26  Drone  
  38  3:27  Drone x8  
  45  3:35  Spore Crawler  
  45  3:37  Spore Crawler  
  45  3:38  Drone x2  
  45  3:45  Extractor  
  45  3:46  Extractor  
  43  3:51  Evolution Chamber  
  43  3:53  Roach Warren  
  43  3:54  Evolution Chamber  
  40  3:59  Drone x8  
  48  4:03  Overlord  
  48  4:19  Zerg Missile Weapons Level 1  
  48  4:23  Drone x2  
  48  4:24  Drone  
  51  4:33  Overlord  
  51  4:34  Glial Reconstitution  
  51  4:37  Hatchery  
  50  4:53  Roach  
  50  4:54  Roach x7  
  50  4:56  Overseer  
  66  5:13  Overlord, Roach  
  66  5:14  Overlord x2  
  68  5:19  Pneumatized Carapace  
  68  5:21  Zerg Ground Armor Level 1  
  68  5:33  Hydralisk Den  
  67  5:40  Roach x4  
  75  6:14  Drone x7  
  75  6:15  Drone x4  
  86  6:19  Grooved Spines  
  86  6:26  Infestation Pit  
  69  7:11  Roach x8, Hydralisk  
  69  7:12  Hydralisk  
  69  7:14  Overlord  
  69  7:15  Overlord x7  
  89  7:21  Zerg Missile Weapons Level 2  
  87  7:26  Hydralisk  
  89  7:30  Muscular Augments  
  89  7:34  Hydralisk x2  
  89  7:36  Zergling x6  
  96  7:45  Extractor  
  96  7:46  Extractor  
  94  7:52  Overseer x3  
  94  7:56  Zergling x10  
  99  8:09  Zergling x8  
  103  8:15  Hydralisk x4  
  111  8:24  Extractor  
  111  8:27  Drone  
  111  8:35  Roach x3  
  111  8:36  Roach x5  
  127  8:56  Hydralisk  
  127  8:57  Hydralisk x7  
  143  9:07  Drone x7  
  143  9:09  Drone x4  
  154  9:14  Hive  
  154  9:21  Spire  
  152  9:32  Overlord x4  
  152  9:53  Hydralisk  
  152  9:54  Hydralisk x11  
  176  10:14  Hydralisk  
  176  10:15  Hydralisk x3  
  176  10:16  Overlord x4  
  176  10:17  Overlord x2  
  160  10:37  Roach  
  160  10:38  Roach x9  
Show
View Real Time Build Order
Export as new Build Order

Neomax Protoss 

Build Orders: Blink Stalkers, Chargelot Immortal 

Get SALT Encoding   

  12  0:01  Probe  
  13  0:13  Probe  
  14  0:24  Pylon  
  14  0:25  Probe  
  15  0:42  Probe  
  16  0:44  Gateway  
  16  0:53  Assimilator  
  16  0:54  Probe  
  17  1:06  Probe  
  18  1:12  Assimilator  
  18  1:25  Probe  
  19  1:32  Cybernetics Core  
  19  1:37  Probe  
  19  1:38  Warp Gate  
  20  1:43  Pylon  
  20  1:49  Probe  
  21  1:58  Nexus  
  21  2:01  Probe  
  22  2:12  Stalker  
  22  2:15  Probe  
  25  2:34  Gateway  
  25  2:42  Gateway  
  25  2:59  Probe  
  25  3:01  Pylon  
  26  3:14  Probe x2  
  28  3:26  Probe x2, Stalker  
  32  3:28  Stalker  
  32  3:32  Twilight Council  
  34  3:37  Stalker  
  36  3:43  Forge  
  36  3:47  Probe x2  
  38  3:48  Blink  
  38  3:54  Pylon  
  38  3:59  Probe x2  
  40  4:06  Pylon  
  40  4:11  Probe x2  
  42  4:26  Photon Cannon  
  42  4:32  Photon Cannon  
  42  4:33  Zealot  
  42  4:34  Zealot  
  46  4:39  Probe x2  
  48  4:49  Photon Cannon  
  48  4:57  Robotics Facility  
  48  4:58  Zealot  
  48  4:59  Probe, Stalker  
  52  5:00  Probe  
  54  5:08  Probe  
  54  5:10  Stalker  
  54  5:11  Protoss Ground Weapons Level 1  
  54  5:13  Assimilator  
  57  5:15  Assimilator  
  57  5:20  Pylon  
  57  5:24  Stalker x2  
  61  5:32  Pylon  
  61  5:36  Probe x2  
  63  5:44  Observer  
  63  5:48  Probe x2, Zealot  
  68  5:52  Robotics Bay  
  68  6:00  Gateway, Probe x2  
  68  6:03  Gateway  
  70  6:04  Sentry x2  
  74  6:12  Immortal, Charge  
  78  6:24  Pylon  
  69  6:50  Immortal  
  65  6:59  Zealot x3  
  75  7:20  Immortal  
  79  7:36  Pylon  
  79  7:47  Gateway  
  79  7:48  Gateway  
  79  7:50  Robotics Facility  
  79  7:52  Forge  
  79  7:57  Zealot x5  
  89  7:59  Immortal  
  89  8:00  Extended Thermal Lance  
  93  8:10  Protoss Ground Armor Level 1  
  93  8:18  Sentry, Nexus  
  93  8:19  Sentry x3  
  101  8:21  Pylon  
  101  8:26  Pylon x2  
  101  8:40  Zealot  
  103  8:43  Zealot x3  
  103  8:46  Colossus  
  115  8:53  Pylon  
  115  8:54  Pylon  
  115  9:06  Probe x2  
  115  9:07  Colossus, Assimilator  
  117  9:11  Assimilator  
  117  9:14  Probe x2  
  117  9:24  Probe x2  
  127  9:36  Probe  
  128  9:43  Zealot x3  
  128  9:44  Zealot x2  
  128  9:45  Probe x2  
  140  9:48  Probe  
  141  9:55  Nexus  
  141  9:56  Pylon  
  141  9:57  Probe  
  142  10:06  Pylon  
  142  10:11  Colossus  
  112  10:36  Zealot  
  112  10:37  Zealot x4  
Tags
 
Add a new tag
Caveats
  • Supply blocks, unpowered buildings, or Contaminate may cause inaccurate times.
  • Supply counts are checked every 10 seconds.